 Dungeon Crawl Stone Soup version 0.24.0-41-g2ae2f7f1be (webtiles) character file.

Game seed: 7962153729773699996, levelgen mode: deterministic

597686 FessEmpty the Imperceptible (level 25, -5/159 HPs)
             Began as a Vampire Enchanter on Dec 7, 2019.
             Was a Follower of Uskayaw.
             Killed from afar by a fire giant (24 damage)
             ... with a fireball
             ... on level 7 of Gehenna on Dec 13, 2019.
             The game lasted 10:56:22 (79278 turns).

FessEmpty the Imperceptible (Vampire Enchanter)    Turns: 79278, Time: 10:56:22

Health: -5/159     AC:  0    Str:  5 (7)  XL:     25   Next: 86%
Magic:  30/33      EV: 39    Int: 24 (26) God:    Uskayaw [*.....]
Gold:   5052       SH:  5    Dex: 19 (21) Spells: 2/44 levels left

rFire    . . .     SeeInvis +   (weapon currently unavailable)
rCold    + + .     Gourm    .   (shield currently unavailable)
rNeg     + + +     Faith    .   (armour currently unavailable)
rPois    ∞         Spirit   .   (helmet currently unavailable)
rElec    .         Reflect  +   (cloak currently unavailable)
rCorr    .         Harm     .   (gloves currently unavailable)
MR       +++..                  (boots currently unavailable)
Stlth    ++++++++++             I - +5 amulet of reflection
HPRegen  0.00/turn              (ring currently unavailable)
MPRegen  0.23/turn              (ring currently unavailable)

@: bat-form, flying, very slightly contaminated, bloodless, studying
Translocations, very quick
A: tiny, no food, fangs 3, see invisible, clumsy 1, deterioration 2, low mp 1,
magic resistance 1, robust 1, wild magic 1, MP-powered wands
}: 4/15 runes: barnacled, slimy, abyssal, gossamer
a: Revivify, End Transformation, Stomp, Renounce Religion


You were on level 7 of Gehenna.
You worshipped Uskayaw.
Uskayaw was pleased with you.
You were bloodless.
You were in vampire-bat-form.
You visited 13 branches of the dungeon, and saw 59 of its levels.
You visited the Abyss 4 times.
You also visited: Sewer, Gauntlet and Ice Cave.

You collected 6209 gold pieces.
You spent 1157 gold pieces at shops.

Inventory:

Hand Weapons
 e - a +9 rapier of distortion (melded)
Missiles
 E - 9 throwing nets (quivered)
Armour
 a - a +2 pair of gloves of dexterity (melded)
 g - a +5 shield of protection (melded)
 i - a +0 pair of boots (melded)
 x - the +5 faerie dragon scales (melded) {rPois rCorr MP+1}
   (You took it off the Enchantress on level 1 of the Depths)

   It protects you from poison.
   It affects your magic capacity (+1).
   It provides partial protection from all sources of acid and corrosion.
 Q - the +2 cloak of the Thief (melded) {+Fog Slay-2 SInv Stlth+}
   (You found it on level 10 of the Dungeon)

   It affects your accuracy and damage with ranged weapons and melee attacks
   (-2).
   It lets you see invisible.
   It makes you more stealthy.
 W - the cursed +0 helmet "Hijeonlo" (melded) {rC+ Int+2}
   (You found it on level 3 of the Elven Halls)

   It affects your intelligence (+2).
   It protects you from cold.
   It has a curse placed upon it.
Jewellery
 b - a +3 ring of protection
 k - the ring "Jaeb" {MR+ Int+4 Dex+2}
   (You found it on level 5 of the Pits of Slime)

   [ring of protection from magic]

   It affects your intelligence (+4).
   It affects your dexterity (+2).
   It affects your resistance to hostile enchantments.
 u - an uncursed ring of protection from cold
 I - a +5 amulet of reflection (around neck)
 K - the ring "Ninaalef" (melded) {Fire Int+2 Dex+3}
   (You took it off a deep elf high priest on level 3 of the Elven Halls)

   [ring of fire]

   It enhances your fire magic.
   It affects your intelligence (+2).
   It affects your dexterity (+3).
   It protects you from fire.
   It makes you vulnerable to cold.
 Y - a ring of protection from fire (melded)
Wands
 d - a wand of scattershot (6)
 j - a wand of disintegration (5)
 p - a wand of enslavement (4)
 r - a wand of acid (18)
 v - a wand of paralysis (30)
 w - a wand of clouds (3)
 A - a wand of digging (13)
 N - a wand of iceblast (19)
 T - a wand of polymorph (20)
Scrolls
 c - 2 scrolls of enchant armour
 h - 6 scrolls of magic mapping
 m - a scroll of teleportation
 o - 2 scrolls of summoning
 q - 19 scrolls of blinking
 z - a scroll of identify
 B - 25 scrolls of remove curse
 S - 8 scrolls of immolation
 X - 7 scrolls of fog
 Z - 2 scrolls of fear
Potions
 l - 2 potions of resistance
 n - 10 potions of ambrosia
 s - 9 potions of flight
 t - 11 potions of agility
 y - 5 potions of heal wounds
 C - 3 potions of berserk rage
 D - 5 potions of haste
 G - a potion of cancellation
 H - 7 potions of magic
 J - 4 potions of might
 L - 6 potions of invisibility
 V - 12 potions of curing
Books
 U - a manual of Translocations
Miscellaneous
 f - a phial of floods
 F - 2 sacks of spiders
 M - a lightning rod (4/4)
 O - a phantom mirror
 R - a lamp of fire


   Skills:
 - Level 10.0 Fighting
 + Level 23.3 Short Blades
 - Level 20.3 Dodging
 - Level 24.1 Stealth
 + Level 14.8 Shields
 - Level 10.1 Spellcasting
 - Level 13.3 Hexes
 - Level 6.9 Charms
 + Level 14.5 Summonings
 - Level 11.5 Necromancy
 + Level 10.5 Translocations
   Level 1.5 Ice Magic
 * Level 14.1 Invocations
 - Level 11.6 Evocations


You had 2 spell levels left.
You knew the following spells:

 Your Spells              Type           Power        Failure   Level  Hunger
a - Invisibility          Hex            #######.     5%          6    N/A
b - Regeneration          Chrm/Necr      ######....   1%          3    N/A
c - Confuse               Hex            #######.     1%          3    N/A
d - Apportation           Tloc           ######       1%          1    N/A
e - Summon Mana Viper     Hex/Summ       #######.     1%          5    N/A
f - Summon Demon          Summ           #######...   1%          5    N/A
g - Aura of Abjuration    Summ           #######...   1%          5    N/A
h - Summon Greater Demon  Summ           #######...   17%         7    N/A
i - Summon Butterflies    Summ           #######.     1%          1    N/A
j - Blink                 Tloc           N/A          1%          2    N/A
k - Passage of Golubria   Tloc           N/A          1%          4    N/A

Your spell library contained the following spells:

 Spells                   Type           Power        Failure   Level  Hunger
 Animate Skeleton         Necr           N/A          1%          1    N/A
 Corona                   Hex            #######      1%          1    N/A
 Infusion                 Chrm           ####         1%          1    N/A
 Pain                     Necr           ####         1%          1    N/A
 Call Imp                 Summ           #######.     1%          2    N/A
 Corpse Rot               Necr           N/A          1%          2    N/A
 Ensorcelled Hibernation  Hex/Ice        ######       1%          2    N/A
 Shroud of Golubria       Chrm/Tloc      ######       1%          2    N/A
 Slow                     Hex            #######.     1%          2    N/A
 Sublimation of Blood     Necr           ######....   1%          2    N/A
 Beastly Appendage        Tmut           ###...       9%          1    N/A
 Flame Tongue             Conj/Fire      ###..        9%          1    N/A
 Magic Dart               Conj           ###.         9%          1    N/A
 Sting                    Conj/Pois      ###.         9%          1    N/A
 Searing Ray              Conj           ###...       12%         2    N/A
 Sticks to Snakes         Tmut           ###.....     12%         2    N/A
 Throw Flame              Conj/Fire      ###...       12%         2    N/A
 Gell's Gravitas          Tloc           ######....   1%          3    N/A
 Lesser Beckoning         Tloc           ######....   1%          3    N/A
 Portal Projectile        Hex/Tloc       ######       1%          3    N/A
 Recall                   Summ/Tloc      N/A          1%          3    N/A
 Teleport Other           Tloc           ######..     1%          3    N/A
 Tukima's Dance           Hex            #######.     1%          3    N/A
 Vampiric Draining        Necr           ######....   1%          3    N/A
 Animate Dead             Necr           N/A          1%          4    N/A
 Cause Fear               Hex            #######...   1%          4    N/A
 Summon Forest            Summ/Tloc      #######...   1%          5    N/A
 Dazzling Spray           Conj/Hex       ######       2%          3    N/A
 Inner Flame              Hex/Fire       ######..     2%          3    N/A
 Agony                    Necr           ######..     2%          5    N/A
 Dispel Undead            Necr           ######..     2%          5    N/A
 Shadow Creatures         Summ           N/A          3%          6    N/A
 Summon Lightning Spire   Summ/Air       ######..     4%          4    N/A
 Fulminant Prism          Conj/Hex       ######....   5%          4    N/A
 Leda's Liquefaction      Hex/Erth       ######....   5%          4    N/A
 Excruciating Wounds      Chrm/Necr      ######....   5%          5    N/A
 Darkness                 Hex            #######...   5%          6    N/A
 Force Lance              Conj/Tloc      #####...     10%         4    N/A
 Silence                  Hex/Air        ######....   14%         5    N/A
 Yara's Violent Unravell  Hex/Tmut       ######....   14%         5    N/A
 Dispersal                Tloc           ######....   16%         6    N/A
 Monstrous Menagerie      Summ           #######...   17%         7    N/A
 Bolt of Draining         Conj/Necr      ######....   21%         5    N/A
 Borgnjor's Vile Clutch   Necr/Erth      ######....   21%         5    N/A
 Conjure Flame            Conj/Fire      ###.....     22%         3    N/A
 Ignite Poison            Fire/Tmut/Pois ###.....     22%         3    N/A
 Mephitic Cloud           Conj/Pois/Air  ###.....     22%         3    N/A
 Spider Form              Tmut/Pois      ###.......   22%         3    N/A
 Haunt                    Necr/Summ      #######...   28%         7    N/A
 Malign Gateway           Summ/Tloc      #######...   34%         7    N/A
 Iskenderun's Battlesphe  Conj/Chrm      #####...     43%         5    N/A
 Ice Form                 Ice/Tmut       ###.....     45%         4    N/A
 Throw Icicle             Conj/Ice       ###.....     45%         4    N/A
 Iskenderun's Mystic Bla  Conj           ###.....     54%         4    N/A
 Sticky Flame             Conj/Fire      ###.....     54%         4    N/A
 Summon Horrible Things   Summ           #######...   73%         8    N/A
 Alistair's Intoxication  Tmut/Pois      ###.....     87%         5    N/A
 Blade Hands              Tmut           ###.......   87%         5    N/A
 Bolt of Magma            Conj/Fire/Erth ###.......   87%         5    N/A
 Fireball                 Conj/Fire      ###.......   87%         5    N/A
 Irradiate                Conj/Tmut      ###.......   87%         5    N/A
 Lightning Bolt           Conj/Air       ###.......   87%         5    N/A
 Venom Bolt               Conj/Pois      ###.......   87%         5    N/A
 Discord                  Hex            #######...   87%         8    N/A
 Deflect Missiles         Chrm/Air       #####.....   93%         6    N/A
 Spellforged Servitor     Conj/Summ      ######....   95%         7    N/A
 Infestation              Necr           ######....   98%         8    N/A
 Controlled Blink         Tloc           N/A          99%         8    N/A
 Disjunction              Tloc           ######....   99%         8    N/A
 Bolt of Fire             Conj/Fire      ###.......   100%        6    N/A
 Conjure Ball Lightning   Conj/Air       ###.......   100%        6    N/A
 Hydra Form               Tmut           ###.......   100%        6    N/A
 Iron Shot                Conj/Erth      ###.......   100%        6    N/A
 Statue Form              Tmut/Erth      ###......    100%        6    N/A
 Dragon Form              Tmut           ###.......   100%        7    N/A
 Orb of Destruction       Conj           ###.......   100%        7    N/A
 Ring of Flames           Chrm/Fire      #####.....   100%        7    N/A
 Ignition                 Fire           ###.......   100%        8    N/A
 Shatter                  Erth           ###.......   100%        9    N/A
 Tornado                  Air            ###.......   100%        9    N/A
 Borgnjor's Revivificati  Necr           Unusable     N/A         8    N/A
 Death's Door             Chrm/Necr      Unusable     N/A         8    N/A
 Necromutation            Tmut/Necr      Unusable     N/A         8    N/A

Dungeon Overview and Level Annotations

Branches:
Dungeon (15/15)            Temple (1/1) D:7            Lair (6/6) D:8
 Shoals (4/4) Lair:2       Spider (4/4) Lair:2        Slime (5/5) Lair:6
    Orc (2/2) D:9             Elf (3/3) Orc:2        Vaults (4/5) D:13
 Depths (5/5) D:15           Hell (visited)             Dis (0/7) Hell
    Geh (7/7) Hell            Coc (0/7) Hell            Tar (0/7) Hell
    Zot (2/5) Depths:5      Sewer (visited)           IceCv (visited)
Gauntlet (visited)
  Crypt: Vaults:2-3

Altars:
Ashenzari
Cheibriados
Dithmenos
Elyvilon
Fedhas
Gozag
Hepliaklqana
Kikubaaqudgha
Makhleb
Nemelex Xobeh
Okawaru
Qazlal
Ru
Sif Muna
Trog
Uskayaw
Vehumet
Wu Jian
Xom
Yredelemnul
Zin
The Shining One
Beogh

Shops:
D:6 :   D:9 **   D:12 *   Orc:1 =   Orc:2 }[?:   Elf:1 %   Shoals:2 }
Shoals:3 }   Vaults:1 !   Vaults:3 (   Vaults:4 (

Portals:
Hell: Depths:1 Depths:2 Depths:3 Depths:4 Depths:5
Abyss: Depths:2 Depths:3 Depths:4
Pandemonium: Depths:2 Depths:3 Depths:5
Ziggurat: Depths:4
Trove: Vaults:2 (show abyssal rune of Zot)

Annotations:
D:10 3 runed translucent doors, Okhaekh's ghost, novice FoEE
Shoals:1 Roxanne
Slime:5 exclusion: upstairs
Orc:2 1 runed translucent door, coffeespoons's ghost, journeyman MiBe
Vaults:3 4 exclusions, Mennas; Saint Roka


Innate Abilities, Weirdness & Mutations

You do not eat.
You do not regenerate when monsters are visible.
You are frail without blood (-20% HP).
You can heal yourself when you bite living creatures.
You are immune to poison.
You have razor-sharp teeth.
You have supernaturally acute eyesight. (SInv)
((You can survive without breathing.))
((You have large cloven feet.))
((You are partially covered in slimy green scales. (AC +2)))
((You tend to lose your temper in combat.))
You are clumsy. (Dex -2)
Your body often deteriorates upon taking damage.
Your magical capacity is low. (-10% MP)
You are resistant to hostile enchantments. (MR+)
You are robust. (+10% HP)
Your spells are a little harder to cast, but a little more powerful.
You expend magic power (3 MP) to strengthen your wands.


Message History

a +0 dagger; a +0 robe You open the large door.
There is a large open door here.
There is a large open door here.
You can no longer merge with and destroy a victim.
You feel a bit more experienced.
You can no longer pass through a line of other dancers.
Magic restored. "We have you now!"
A red devil, a tormentor and a zombie come into view.
The red devil is wielding a +1 demon trident of venom.
You hit the tormentor but do no damage.
Space bends around the tormentor.
You bite the tormentor, but do no damage.
The tormentor is lightly wounded.
You hit the tormentor but do no damage.
Space bends around the tormentor.
The tormentor is lightly wounded.
You strike the helpless tormentor from behind!
You perforate the tormentor like a sieve!!!
You kill the tormentor!
You block the wolf spider zombie's attack.
The wolf spider zombie completely misses you.
The red devil hits you but does no damage.
You puncture the wolf spider zombie!
Space warps horribly around the wolf spider zombie!!
The wolf spider zombie is moderately damaged.
You block the wolf spider zombie's attack. x2
You catch the helpless wolf spider zombie completely off-guard!
You skewer the wolf spider zombie like a kebab!!!!
You destroy the wolf spider zombie!
You can now pass through a line of other dancers.
The red devil hops backward while attacking.
You block the red devil's attack.
There is a huge open gate here.
The red devil hops backward while attacking.
The red devil misses you.
There is a huge open gate here.
You block the red devil's attack.
You hit the red devil.
The red devil looks slightly unstable.
The red devil is lightly wounded.
You strike the helpless red devil from behind!
You perforate the red devil like a sieve!!!!
You kill the red devil!
There is a huge open gate here.
There is a huge open gate here.
You can no longer pass through a line of other dancers.
You are lightly contaminated with residual magic.
There is a large open door here.
A molten gargoyle comes into view. It is wielding a +0 flail.
The molten gargoyle moves out of view.
There is a large open door here.
There is a large open door here.
There is a large open door here.
You close the large door.
A molten gargoyle is nearby!
You block the molten gargoyle's attack.
You catch the helpless molten gargoyle completely off-guard!
You perforate the molten gargoyle like a sieve!!!!
You destroy the molten gargoyle!
You feel lost and a long, long way from home...
You are covered in liquid flames!
You are covered in liquid flames!
You are covered in liquid flames!
You see here a +0 flail.
You are covered in liquid flames!
You are on fire!
You are covered in liquid flames!
You are covered in liquid flames!
You are covered in liquid flames!
You are covered in liquid flames!
You flicker for a moment.
You flicker back into view.
HP restored.
A Brimstone Fiend comes into view.
Found a knobbly jewelled staff.
There is an open door here.
The helpless Brimstone Fiend fails to defend itself.
You skewer the Brimstone Fiend like a kebab!!!!!!
You kill the Brimstone Fiend!
Training target 10.0 for Fighting reached!
Your Fighting skill increases to level 10!
There is an open door here.
A Brimstone Fiend is nearby!
A fire elemental comes into view.
A molten gargoyle and a zombie come into view.
The human zombie moves out of view.
A fire giant comes into view.
It is wielding a +0 great sword of flaming.
The molten gargoyle blasts magma at you!
The bolt of magma hits you but does no damage.
You sense a hostile presence.
A Brimstone Fiend comes into view.
With a swish of your cloak, you release a cloud of fog.
The Brimstone Fiend roars!
You block the Brimstone Fiend's attack. x2
The Brimstone Fiend hits you but does no damage.
You barely miss the Brimstone Fiend. You puncture the Brimstone Fiend!
Space bends around the Brimstone Fiend.
The Brimstone Fiend is lightly wounded.
You block the Brimstone Fiend's attack.
The Brimstone Fiend completely misses you.
The Brimstone Fiend closely misses you.
You puncture the Brimstone Fiend!
Space bends around the Brimstone Fiend.
You bite the Brimstone Fiend, but do no damage.
The Brimstone Fiend is moderately wounded.
You hit the Brimstone Fiend.
The Brimstone Fiend is moderately wounded.
You block the Brimstone Fiend's attack.
The Brimstone Fiend completely misses you.
The Brimstone Fiend barely misses you.
You hit the Brimstone Fiend but do no damage.
Space bends around the Brimstone Fiend.
The Brimstone Fiend is moderately wounded.
You block the fire elemental's attack.
You hit the Brimstone Fiend.
Space warps horribly around the Brimstone Fiend!
The Brimstone Fiend is heavily wounded.
The fire giant casts a spell at you.
The bolt of fire hits the fire elemental.
The fire elemental completely resists.
The bolt of fire misses you. You block the Brimstone Fiend's attack.
The Brimstone Fiend hits you but does no damage.
The Brimstone Fiend completely misses you.
You hear a shout!
You can now pass through a line of other dancers.
You hit the Brimstone Fiend but do no damage.
The Brimstone Fiend is heavily wounded.
The Brimstone Fiend blinks!
You block the fire elemental's attack.
You can no longer pass through a line of other dancers.
There is an open door here.
You fail to use your ability.
With a swish of your cloak, you release a cloud of fog.
You hit the Brimstone Fiend but do no damage.
Space bends around the Brimstone Fiend.
The Brimstone Fiend is lightly wounded.
The Brimstone Fiend gestures at you.
The sphere of damnation explodes!
The damnation engulfs you!!!
The damnation engulfs the Brimstone Fiend.
The Brimstone Fiend completely resists.
You barely miss the Brimstone Fiend. You bite the Brimstone Fiend.
The Brimstone Fiend is lightly wounded.
You hit the Brimstone Fiend but do no damage.
Space bends around the Brimstone Fiend.
The Brimstone Fiend is lightly wounded.
You block the Brimstone Fiend's attack. x2
The Brimstone Fiend completely misses you.
You puncture the Brimstone Fiend!
Space warps horribly around the Brimstone Fiend!
The Brimstone Fiend is moderately wounded.
You hit the Brimstone Fiend but do no damage.
The Brimstone Fiend looks slightly unstable.
The Brimstone Fiend is moderately wounded.
The Brimstone Fiend gestures at you.
The sphere of damnation explodes!
The damnation engulfs you!!!
The damnation engulfs the Brimstone Fiend.
The Brimstone Fiend completely resists.
You barely miss the Brimstone Fiend.
You bite the Brimstone Fiend, but do no damage.
The Brimstone Fiend is moderately wounded.
You hit the Brimstone Fiend but do no damage.
Space warps horribly around the Brimstone Fiend!
The Brimstone Fiend is moderately wounded.
The Brimstone Fiend gestures at you.
The sphere of damnation explodes!
The damnation engulfs you!!!
* * * LOW HITPOINT WARNING * * *
The damnation engulfs the Brimstone Fiend.
The Brimstone Fiend completely resists.
Evoke which item? (* to show all) (? for menu, Esc to quit)
Aiming: Scattershot
Press: ? - help, Shift-Dir - straight line, f - Brimstone Fiend
Aim: a Brimstone Fiend (blue smoke, moderately wounded)
You feel a surge of power!
The burst of metal fragments hits the Brimstone Fiend.
The burst of metal fragments hits the Brimstone Fiend but does no damage. x2
The burst of metal fragments hits the Brimstone Fiend.
The burst of metal fragments hits the Brimstone Fiend but does no damage. x2
The burst of metal fragments hits the Brimstone Fiend.
The burst of metal fragments hits the Brimstone Fiend but does no damage. x2
The burst of metal fragments hits the Brimstone Fiend!
The Brimstone Fiend is heavily wounded.
The Brimstone Fiend disappears!
You can now pass through a line of other dancers.
You block the fire giant's attack.
You turn into a vampire bat.
Your +9 rapier of distortion melds into your body.
The +2 cloak of the Thief {+Fog Slay-2 SInv Stlth+} melds into your body.
The cursed +0 helmet "Hijeonlo" {rC+ Int+2} melds into your body.
Your +2 pair of gloves of dexterity melds into your body.
Your +0 pair of boots melds into your body.
Your +5 shield of protection melds into your body.
The +5 faerie dragon scales {rPois rCorr MP+1} melds into your body.
The ring "Ninaalef" {Fire Int+2 Dex+3} melds into your body.
Your ring of protection from fire melds into your body.
You feel clumsy.
You feel less protected.
You feel weakened.
You feel dopey.
You feel clumsy. The fire giant completely misses you.
You can no longer pass through a line of other dancers.
The fire giant is too close now for your liking.
The fire giant gestures at you while chanting.
The fireball explodes!
The fireball engulfs you!!
You die...

#.#≈≈≈≈..## #####§
≈Z..#.#≈≈≈≈÷÷∩# §≈≈≈≈§§
§≈...#.#≈≈≈≈3÷##
≈≈≈≈○≈§§....#.#≈§§≈..#
§≈1E≈§≈....#.#≈§≈§.##
≈§§§§§≈§§.9..#.#≈≈≈÷.#
≈§§≈§§≈§§§...#.#≈≈...#
§§≈§≈§§§9§...#.#≈≈..##
§≈≈≈§1§§######b#≈≈≈.#
≈≈≈≈§§9E#§§..#.#≈≈..##
§≈≈.§§§C#§##'#.#§≈≈..##
§...§§.1#§#|.#.#≈≈≈...#
§......§#.####.#≈§≈≈..##
......§§§§§C.C.#≈≈§≈§.∩#
################§≈§≈≈.##
########


You could see a fire giant.

Vanquished Creatures
  the Royal Jelly (Slime:5)
  Frederick (Vaults:2)
  2 Killer Klowns (Zot:1)
  Margery (Vaults:2)
  7 caustic shrikes (Depths:3)
  Geryon (Hell)
  Jory (Vaults:4)
  the Enchantress (Depths:1)
  2 Tzitzimimeh
  4 liches
  5 Brimstone Fiends
  Rupert (D:15)
  3 tentacled monstrosities
  6 large abominations
  3 deep elf blademasters (Elf:3)
  A deep elf master archer (Elf:3)
  5 quicksilver dragons
  14 acid blobs
  A death cob (Zot:1)
  2 krakens (Shoals:4)
  3 tengu reavers
  4 sphinxes
  A storm dragon (Depths:5)
  Donald (Spider:3)
  4 shadow dragons
  2 draconian monks
  A draconian knight (Zot:1)
  6 azure jellies
  4 fire giants
  A ghost moth (Spider:4)
  8 deep elf sorcerers
  4 spriggan defenders
  6 balrugs
  3 frost giants
  7 vault wardens
  Louise (Shoals:2)
  4 emperor scorpions (Spider:4)
  2 draconian scorchers (Zot:1)
  A draconian shifter (Zot:1)
  5 deep elf elementalists (Elf:3)
  A draconian annihilator (Zot:1)
  9 ironheart preservers
  9 stone giants
  11 reapers
  10 very ugly things
  A war gargoyle (Hell)
  3 deep elf demonologists (Elf:3)
  An entropy weaver (Spider:3)
  6 deep elf annihilators
  A vampire knight (Depths:2)
  2 green draconians (Depths:5)
  Azrael (Elf:1)
  12 purple draconians (Zot:1)
  10 spark wasps
  2 green deaths
  2 merfolk javelineers
  7 blizzard demons
  3 deep elf death magi
  A crystal guardian (Vaults:4)
  5 small abominations
  2 merfolk impalers (Shoals:4)
  11 ettins
  9 death oozes
  6 fire dragons
  9 great orbs of eyes
  6 vault guards
  8 rakshasas
  8 deep elf high priests
  8 ice dragons
  5 yaktaur captains
  7 hydras
  An ice dragon (shapeshifter) (Depths:5)
  A quicksilver dragon skeleton (Geh:7)
  Erica (D:11)
  4 spriggan air magi
  2 anacondas (shapeshifter)
  A juggernaut simulacrum (Depths:4)
  3 alligator snapping turtles
  3 merfolk aquamancers
  11 centaur warriors
  9 ogre magi
  26 two-headed ogres
  4 death yaks (Lair:6)
  26 dancing weapons
  A catoblepas (Lair:6)
  A death knight (Vaults:4)
  8 deep troll shamans
  13 deep troll earth magi
  18 hell hogs
  A queen ant (Spider:3)
  6 spriggan berserkers
  2 thrashing horrors (Abyss:3)
  A storm dragon zombie (Geh:1)
  9 tengu warriors
  A vampire mage (Depths:2)
  8 death scarabs (Spider:4)
  An orc high priest (Elf:3)
  3 iron golems
  A titan zombie (Geh:2)
  14 deep elf knights
  9 sun demons
  2 wretched stars
  A shadow wraith (Vaults:2)
  3 titan skeletons
  3 soul eaters
  2 iron trolls (Depths:1)
  2 sixfirhies
  2 storm dragon skeletons
  A salamander mystic (Depths:2)
  12 skeletal warriors
  44 hell knights
  A death drake (shapeshifter) (Vaults:1)
  6 sea snakes
  4 flayed ghosts
  2 shadow demons
  2 anaconda zombies
  A golden dragon zombie (Geh:1)
  11 deep trolls
  A gelid demonspawn (Depths:5)
  3 glowing orange brains
  16 deep elf archers
  An orange crystal statue (Elf:1)
  4 unseen horrors
  A death drake (Lair:2)
  3 anaconda skeletons
  3 wolf spider zombies
  4 wizards
  18 harpies
  A spectral wolf spider (Spider:4)
  5 orc knights
  8 ironbrand convokers
  2 shining eyes
  2 phantasmal warriors
  A shadow dragon zombie (Geh:3)
  18 necromancers
  12 orb spiders
  An iron dragon zombie (Geh:7)
  2 orb spiders (shapeshifter)
  19 wolf spiders
  5 fauns
  60 deep elf magi
  2 salamanders (Depths:2)
  6 cyclopes
  33 ugly things
  2 fire giant zombies
  6 manticores
  5 moths of wrath
  A frost giant zombie (Geh:1)
  10 orc sorcerers
  A shadow dragon skeleton (Geh:3)
  6 black mambas
  3 centaur zombies
  A worldbinder (Abyss:3)
  7 rust devils
  A guardian serpent (shapeshifter) (Depths:3)
  9 merfolk sirens
  3 ice statues (IceCv)
  A black mamba (shapeshifter) (Elf:3)
  2 frost giant skeletons
  An apocalypse crab (Abyss:4)
  5 molten gargoyles
  26 elephants
  A vault sentinel (Vaults:4)
  Psyche (D:10)
  7 smoke demons
  An eye of devastation (shapeshifter) (Elf:3)
  An eye of devastation (Slime:4)
  4 water nymphs
  3 stone giant skeletons
  A fire giant skeleton (Geh:2)
  4 spiny frogs
  A torpor snail (Spider:2)
  5 gargoyles
  2 centaur skeletons
  A rime drake (Lair:6)
  2 dire elephant skeletons
  17 hellions
  4 kobold demonologists
  4 efreet
  4 freezing wraiths
  11 komodo dragons
  3 spectral redbacks (Spider:4)
  11 demonic crawlers
  2 rime drakes (shapeshifter)
  3 redback zombies (Spider:4)
  4 ice devils
  36 yaktaurs
  10 tormentors
  13 jumping spiders
  A minotaur skeleton (Geh:3)
  17 red devils
  A tengu conjurer (Depths:4)
  A catoblepas skeleton (Geh:2)
  21 merfolk
  3 spectral jumping spiders (Spider:4)
  2 ancient zymes
  A wind drake (shapeshifter) (Vaults:1)
  4 meliai (Abyss:4)
  5 trolls
  12 hornets
  A spectral tarantella (Spider:4)
  3 harpy skeletons
  95 slime creatures
  2 fire dragon zombies
  4 wind drakes
  14 blink frogs
  2 hydra skeletons
  4 snapping turtles
  3 tarantella zombies (Spider:4)
  A hippogriff (shapeshifter) (Depths:3)
  6 dream sheep (Lair:4)
  2 ice dragon zombies
  15 hippogriffs
  A fire giant simulacrum (Depths:4)
  3 alligator zombies (Hell)
  3 ettin zombies
  3 ice dragon skeletons
  4 air elementals
  2 alligator skeletons
  8 spriggans
  21 tarantellas
  2 fire dragon skeletons
  34 flying skulls
  A vampire (D:12)
  3 ynoxinuls
  11 water elementals
  70 yaks
  25 shadows
  8 wraiths
  A basilisk (shapeshifter) (D:13)
  7 fire bats
  23 redbacks
  3 wyverns
  4 hogs (D:8)
  A human (D:8)
  A spriggan (shapeshifter) (Depths:2)
  A black mamba skeleton (Geh:5)
  A golden eye (shapeshifter) (Depths:2)
  23 fire elementals
  Grum (D:8)
  12 vampire mosquitoes
  5 basilisks
  3 neqoxecs
  3 hungry ghosts
  8 golden eyes
  A chaos spawn (Abyss:4)
  Edmund (D:4)
  Menkaure (D:6)
  A swamp worm (shapeshifter) (Elf:1)
  A steam dragon (Lair:3)
  A merfolk zombie (Geh:7)
  A soldier ant (shapeshifter) (Depths:2)
  2 acid dragons
  A warg (Elf:3)
  18 soldier ants (Spider:3)
  A water moccasin (shapeshifter) (Abyss:3)
  29 hell hounds
  26 water moccasins
  A spiny frog zombie (Hell)
  An alligator simulacrum (Hell)
  8 porcupines
  A black bear (Lair:6)
  11 sky beasts
  An ettin simulacrum (Vaults:2)
  8 ice beasts
  30 orc warriors
  14 necrophages
  3 phantoms
  2 spiny frog skeletons
  2 hornet zombies (Spider:4)
  A swamp dragon zombie (Geh:5)
  4 eyes of draining
  25 ogres
  5 starcursed masses (Abyss:3)
  A swamp dragon skeleton (Geh:2)
  23 wolves
  15 centaurs
  A snapping turtle skeleton (Geh:2)
  3 snapping turtle zombies
  16 crocodiles
  10 big kobolds
  12 bullfrogs
  2 earth elementals
  3 scorpions
  A water moccasin zombie (D:10)
  A spriggan zombie (Geh:6)
  15 killer bees
  43 wights
  4 howler monkeys
  16 electric eels
  A troll skeleton (Geh:1)
  23 crimson imps
  10 quasits
  A bullfrog zombie (D:12)
  7 hounds
  4 jellies
  11 orc priests
  4 bullfrog skeletons
  7 iron imps
  A human skeleton (Geh:7)
  10 iguanas
  23 orc wizards
  29 worker ants
  A tengu skeleton (Geh:2)
  2 worker ant zombies
  A howler monkey zombie (D:9)
  2 howler monkey skeletons
  13 adders
  A river rat (D:5)
  4 shadow imps
  5 white imps
  5 ufetubi
  An adder zombie (D:7)
  An adder skeleton (D:7)
  5 worms
  A dart slug (D:3)
  10 leopard geckos
  55 orcs
  3 ball pythons
  12 giant cockroaches
  9 goblins
  3 hobgoblins
  2 jackals (D:8)
  9 kobolds
  4 quokkas
  12 bats
  6 frilled lizards
  An orc zombie (Geh:7)
  9 rats
  2 crawling corpses (Elf:3)
  A fire vortex (Geh:3)
  A fungus (Lair:4)
  2 plants (Lair:5)
  4 tentacles
2272 creatures vanquished.

Vanquished Creatures (collateral kills)
  3 golden dragons
  2 Brimstone Fiends (Geh:2)
  A quicksilver dragon (Zot:1)
  A kraken (Shoals:1)
  4 acid blobs (Slime:5)
  A titan (Depths:4)
  2 azure jellies (Slime:5)
  2 vault wardens
  A deep elf sorcerer (Depths:3)
  A deep elf elementalist (Elf:3)
  A balrug (Geh:7)
  2 entropy weavers
  A very ugly thing (Depths:2)
  3 stone giants
  A vampire knight (Depths:5)
  A red draconian (Depths:5)
  3 deep elf annihilators (Elf:3)
  3 deep elf demonologists (Elf:3)
  3 purple draconians (Zot:1)
  2 merfolk javelineers
  Snorg (Orc:2)
  2 deep elf death magi (Elf:3)
  2 death oozes (Slime:5)
  A merfolk impaler (Shoals:1)
  2 deep elf high priests (Elf:3)
  A quicksilver dragon zombie (Geh:2)
  3 great orbs of eyes
  A merfolk avatar (Shoals:4)
  2 ice dragons
  A spriggan air mage (Depths:3)
  2 centaur warriors
  A dancing weapon (Elf:2)
  2 deep troll shamans
  2 two-headed ogres (D:14)
  A hell hog (Geh:3)
  A spriggan berserker (Depths:2)
  2 tengu warriors (Depths:2)
  An orc high priest (Elf:2)
  A hell knight (Hell)
  Sonja (D:10)
  A titan skeleton (Hell)
  5 skeletal warriors
  A shadow wraith (Hell)
  A wizard (Depths:3)
  A sea snake (Shoals:3)
  A kraken simulacrum (Hell)
  A glowing orange brain (Abyss:3)
  A deep troll (Depths:4)
  4 orc knights
  3 phantasmal warriors
  2 harpies
  A frost giant zombie (Geh:2)
  A deep elf mage (Elf:2)
  3 fauns
  A cyclops (D:14)
  2 orc sorcerers
  3 merfolk sirens
  2 rust devils (Hell)
  2 ugly things
  A vault sentinel (Vaults:4)
  A manticore (Shoals:2)
  An iron dragon skeleton (Hell)
  A centaur zombie (D:15)
  A black mamba (shapeshifter) (Depths:4)
  7 water nymphs
  A centaur skeleton (D:14)
  A rime drake (shapeshifter) (Vaults:1)
  3 yaktaurs
  3 red devils
  2 wind drakes
  A polar bear (shapeshifter) (Vaults:4)
  5 merfolk
  A troll (D:14)
  A hornet (Depths:3)
  4 slime creatures
  A hippogriff (Shoals:3)
  A snapping turtle (Shoals:4)
  6 flying skulls
  A fire dragon skeleton (Geh:2)
  2 redbacks
  4 water elementals
  A shadow (Geh:1)
  A spriggan (Depths:3)
  A wraith (Geh:1)
  2 yaks (D:12)
  6 fire elementals
  A vampire mosquito (D:15)
  A basilisk (D:14)
  A warg (Vaults:4)
  2 spiny frog zombies (Hell)
  3 soldier ants (Spider:3)
  5 hell hounds
  3 orc warriors
  A merfolk skeleton (Hell)
  3 ogres
  A swamp dragon zombie (Geh:3)
  5 centaurs
  A necrophage (Geh:1)
  A big kobold (D:12)
  9 wights
  A howler monkey (D:14)
  2 crimson imps (Geh:2)
  2 orc priests (Orc:2)
  7 orc wizards
  2 iguanas
  4 worker ants (Spider:3)
  2 white imps (Geh:2)
  10 orcs
  3 crawling corpses (Elf:3)
  A plant (Shoals:3)
  4 tentacles
239 creatures vanquished.

Vanquished Creatures (others)
  A lich (Geh:7)
  An Ice Fiend (Geh:2)
  2 acid blobs
  A deep elf master archer (Elf:3)
  3 eldritch tentacles
  A shadow dragon (Depths:5)
  A draconian monk (Zot:1)
  2 frost giants
  A deep elf sorcerer (Elf:3)
  An iron dragon (Depths:4)
  2 deep elf elementalists (Elf:3)
  A draconian shifter (Depths:5)
  An ironheart preserver (Vaults:2)
  3 stone giants
  A war gargoyle (Hell)
  3 very ugly things
  A green draconian (Depths:5)
  A deep elf annihilator (Elf:3)
  A deep elf demonologist (Depths:4)
  2 black draconians (Depths:5)
  2 purple draconians (Zot:1)
  A spark wasp (Depths:3)
  An ettin (D:13)
  A blizzard demon (Hell)
  A merfolk impaler (Shoals:2)
  2 merfolk javelineers (Shoals:4)
  A deep elf death mage (Vaults:3)
  2 ogre magi (Vaults:3)
  A fire dragon (Depths:2)
  3 great orbs of eyes
  2 deep elf high priests
  2 yaktaur captains
  3 centaur warriors
  A satyr (Shoals:4)
  An alligator snapping turtle (Shoals:4)
  A deep troll earth mage (Depths:2)
  2 soul eaters (Hell)
  A tengu warrior (Depths:5)
  A titan skeleton (Geh:2)
  A sun demon (Geh:7)
  A storm dragon skeleton (Depths:4)
  A shadow wraith (Hell)
  A hell knight (Geh:3)
  2 skeletal warriors (D:14)
  4 deep trolls
  A flayed ghost (Vaults:4)
  A glowing orange brain (Depths:3)
  A spectral wolf spider (Spider:4)
  2 orc knights
  A necromancer (Vaults:2)
  A shadow dragon zombie (Geh:7)
  A deep elf mage (Elf:1)
  A wolf spider zombie (Geh:7)
  2 shadow demons
  2 harpies
  An ironbrand convoker (Vaults:1)
  A faun (Shoals:1)
  2 orc sorcerers
  2 salamanders (Depths:2)
  A large abomination (Abyss:3)
  An ugly thing (Vaults:3)
  A stone giant skeleton (Hell)
  2 rust devils (Hell)
  A molten gargoyle (Geh:7)
  3 vault sentinels
  2 smoke demons
  A gargoyle (D:13)
  A hellion (Geh:7)
  8 yaktaurs
  An emperor scorpion zombie (Geh:2)
  4 tormentors
  A demonic crawler (Depths:5)
  A yaktaur (shapeshifter) (Depths:3)
  A tengu conjurer (Depths:2)
  3 merfolk
  A hydra zombie (Hell)
  A jumping spider (Spider:4)
  2 trolls
  25 slime creatures
  A hydra skeleton (Geh:3)
  A tarantella zombie (Spider:4)
  An ettin zombie (Geh:1)
  A tarantella (Spider:3)
  4 water elementals
  9 dancing weapons
  5 shadows
  A redback (Spider:4)
  5 flying skulls
  3 fire elementals
  A golden eye (Slime:4)
  3 soldier ants (Spider:3)
  A floating eye (Slime:4)
  4 hell hounds
  A spectral hornet (Spider:4)
  A phantom (Geh:1)
  5 orc warriors
  3 ogres
  11 centaurs
  A tengu (shapeshifter) (D:14)
  A hornet simulacrum (Vaults:1)
  2 wights
  4 orc wizards
  An orc priest (Elf:3)
  A shadow imp (Depths:5)
  9 orcs
  A kobold skeleton (Geh:5)
  A bush (Lair:6)
  2 crawling corpses (Vaults:3)
  A fire vortex (Geh:3)
  32 fungi
  63 plants
  80 tentacles
  10 withered plants (Gauntlet)
419 creatures vanquished.

Grand Total: 2930 creatures vanquished

Notes
Turn   | Place    | Note
-------+----------+-------------------------------------------
     0 | D:1      | FessEmpty the Vampire Enchanter began the quest for the
                  | Orb.
     0 | D:1      | Reached XP level 1. HP: 13/13 MP: 3/3
   254 | D:1      | Reached skill level 5 in Hexes
   366 | D:1      | Reached XP level 2. HP: 19/19 MP: 3/5
   622 | D:1      | Learned a level 2 spell: Ensorcelled Hibernation
  1125 | D:2      | Found a faded altar of an unknown god.
  1141 | D:2      | Reached XP level 3. HP: 19/24 MP: 6/6
  1165 | D:2      | Reached skill level 1 in Ice Magic
  1362 | D:2      | Learned a level 3 spell: Confuse
  1829 | D:3      | Found a glowing golden altar of the Shining One.
  2047 | D:3      | Reached XP level 4. HP: 30/30 MP: 7/7
  2167 | D:4      | Noticed Edmund
  2179 | D:4      | Killed Edmund
  2179 | D:4      | Reached skill level 6 in Stealth
  2179 | D:4      | Reached XP level 5. HP: 32/38 MP: 2/8
  2448 | D:4      | Found an ornate altar of the Wu Jian Council.
  2493 | D:4      | Noticed a phantom
  2731 | D:4      | Killed a phantom
  2731 | D:4      | Reached skill level 7 in Stealth
  2731 | D:4      | Reached XP level 6. HP: 42/47 MP: 4/9
  2737 | D:4      | Learned a level 3 spell: Tukima's Dance
  2932 | D:5      | Entered Level 5 of the Dungeon
  2985 | D:5      | Found an iron altar of Okawaru.
  3009 | D:5      | Noticed an ice beast
  3016 | D:5      | Found an iron altar of Okawaru.
  3021 | D:5      | Killed an ice beast
  3021 | D:5      | Reached skill level 8 in Stealth
  3021 | D:5      | Reached XP level 7. HP: 53/53 MP: 10/10
  3026 | D:5      | Found a snail-covered altar of Cheibriados.
  3145 | D:5      | Found a glowing drain.
  3150 | Sewer    | Entered a sewer
  3325 | D:5      | Reached skill level 9 in Stealth
  3334 | D:5      | Found a shimmering altar of Xom.
  3643 | D:6      | Reached skill level 10 in Stealth
  3845 | D:6      | Reached skill level 11 in Stealth
  3928 | D:6      | Found Yror's Book Boutique.
  3932 | D:6      | Reached XP level 8. HP: 60/60 MP: 11/11
  4213 | D:6      | Noticed Menkaure
  4312 | D:6      | Killed Menkaure
  4312 | D:6      | Reached skill level 12 in Stealth
  4429 | D:7      | Found a radiant altar of Vehumet.
  4486 | D:7      | Identified the cursed +2 flail of Lulapaon {pain, rN+}
  4704 | D:7      | Found a hide-covered altar of Uskayaw.
  4723 | D:7      | Reached skill level 13 in Stealth
  4985 | D:7      | Identified a scroll of acquirement
  4989 | D:7      | Got an ancient glaive
  5036 | D:7      | Found a staircase to the Ecumenical Temple.
  5051 | Temple   | Entered the Ecumenical Temple
  5344 | Temple   | Became a worshipper of Dithmenos the Shadowed
  5392 | D:7      | Reached XP level 9. HP: 65/65 MP: 4/14
  5681 | D:8      | Reached skill level 5 in Short Blades
  5683 | D:8      | Reached skill level 14 in Stealth
  5908 | D:8      | Found a staircase to the Lair.
  5910 | D:8      | Reached skill level 5 in Spellcasting
  5981 | D:8      | Found a shattered altar of Ashenzari.
  6023 | D:8      | Reached * piety under Dithmenos
  6306 | D:8      | Reached XP level 10. HP: 59/72 MP: 1/18
  6429 | D:8      | Noticed Grum
  6461 | D:8      | Killed Grum
  6461 | D:8      | Reached skill level 5 in Dodging
  6625 | D:9      | Found Zin's Purification Station.
  6627 | D:9      | Found a glowing silver altar of Zin.
  6860 | D:9      | Reached skill level 15 in Stealth
  7086 | D:9      | Found an ancient bone altar of Kikubaaqudgha.
  7318 | D:9      | Found Sielavix's General Store.
  7376 | D:10     | Entered Level 10 of the Dungeon
  7481 | D:10     | Noticed Psyche
  7481 | D:10     | Noticed Sonja
  7485 | D:10     | Killed Psyche
  7507 | D:10     | Killed Sonja
  7583 | D:10     | Found a blossoming altar of Fedhas.
  7585 | D:10     | Found a shimmering blue altar of Sif Muna.
  7585 | D:10     | Found an ancient bone altar of Kikubaaqudgha.
  7587 | D:10     | Found a hide-covered altar of Uskayaw.
  7587 | D:10     | Found a shimmering altar of Xom.
  7587 | D:10     | Found a sparkling altar of Nemelex Xobeh.
  7668 | D:10     | Reached ** piety under Dithmenos
  7701 | D:10     | Found a runed translucent gate.
  7701 | D:10     | Found a runed translucent gate.
  7701 | D:10     | Found a runed translucent gate.
  7732 | D:10     | Noticed Okhaekh's ghost (novice FoEE)
  7766 | D:10     | Found the +2 cloak of the Thief {+Fog Slay-2 SInv Stlth+}
  8213 | D:11     | Reached skill level 1 in Evocations
  8342 | D:11     | Noticed Erica
  8368 | D:11     | Killed Erica
  8368 | D:11     | Reached XP level 11. HP: 49/77 MP: 17/21
  8902 | D:11     | Found a blossoming altar of Fedhas.
  9220 | D:11     | Noticed an unseen horror
  9245 | D:11     | Killed an unseen horror
  9463 | D:11     | Reached skill level 16 in Stealth
  9547 | D:11     | Reached *** piety under Dithmenos
 10027 | D:9      | Reached skill level 5 in Evocations
 10032 | D:9      | Reached skill level 1 in Invocations
 10175 | D:9      | Found a staircase to the Orcish Mines.
 10312 | D:11     | Got a pitted quarterstaff
 10373 | D:12     | Found a gate leading to a gauntlet.
 10374 | D:12     | Noticed a skeletal warrior
 10377 | D:12     | Noticed a skeletal warrior
 10377 | D:12     | Noticed a skeletal warrior
 10380 | Gauntlet | Entered a Gauntlet
 10380 | Gauntlet | Found a transporter.
 10391 | Gauntlet | Found a transporter.
 10393 | Gauntlet | Found a transporter.
 10395 | Gauntlet | Found a transporter.
 10421 | Gauntlet | Found a transporter.
 10429 | Gauntlet | Found the +8 trident of the Octopus King {venom, rElec
                  | rPois MR+}
 10430 | Gauntlet | Found a transporter.
 10443 | Gauntlet | Found a transporter.
 10451 | Gauntlet | Found a transporter.
 10470 | Gauntlet | Found a transporter.
 10485 | Gauntlet | Found a transporter.
 10485 | Gauntlet | Noticed a blizzard demon
 10497 | Gauntlet | Found a transporter.
 10497 | Gauntlet | Noticed a cacodemon
 10509 | Gauntlet | Found a transporter.
 10521 | Gauntlet | Found a transporter.
 10521 | Gauntlet | Noticed a green death
 10533 | Gauntlet | Found a transporter.
 10533 | Gauntlet | Noticed a necromancer
 10534 | Gauntlet | Noticed a death yak
 10535 | Gauntlet | Noticed a death yak
 10535 | Gauntlet | Noticed a death yak
 10537 | Gauntlet | Noticed a death yak
 10537 | Gauntlet | Noticed a death yak
 10550 | Gauntlet | Found a transporter.
 10568 | Gauntlet | Found a transporter.
 10570 | Gauntlet | Found a transporter.
 10571 | Gauntlet | Noticed a catoblepas
 10653 | Gauntlet | Found a transporter.
 11066 | Gauntlet | Got a warped hat
 11077 | Gauntlet | Identified the +1 hat of Claustrophobia {-Tele MR++ Int+4}
                  | (You found it in a Gauntlet)
 11131 | Gauntlet | Noticed a minotaur
 11469 | Gauntlet | HP: 1/77 [minotaur/silver javelin (5)]
 11845 | D:12     | Noticed a deep elf mage
 12301 | D:12     | Found Poiw's Blood Bar.
 12604 | Lair:1   | Entered Level 1 of the Lair of Beasts
 12907 | Lair:1   | Reached XP level 12. HP: 83/83 MP: 23/23
 12994 | Lair:1   | Reached **** piety under Dithmenos
 14173 | Lair:2   | Found a hole to the Spider Nest.
 14308 | Lair:2   | Found a frozen archway.
 14337 | Lair:2   | Reached skill level 17 in Stealth
 14459 | IceCv    | Entered an ice cave
 15971 | Lair:2   | Reached skill level 10 in Evocations
 16299 | Lair:2   | Found a staircase to the Shoals.
 16470 | Lair:2   | Reached skill level 10 in Short Blades
 16494 | Lair:2   | Identified the +9 quarterstaff "Maugal" {drain, Str+3} (You
                  | found it on level 11 of the Dungeon)
 17072 | Lair:3   | Reached XP level 13. HP: 87/87 MP: 17/25
 17344 | Lair:3   | Reached skill level 10 in Dodging
 17724 | Lair:4   | Learned a level 5 spell: Summon Mana Viper
 17823 | Lair:4   | Reached skill level 1 in Summonings
 18094 | Lair:4   | Gained mutation: You are robust. (+10% HP) [potion of
                  | mutation]
 18094 | Lair:4   | Gained mutation: You possess an exceptional clarity of
                  | mind. [potion of mutation]
 18094 | Lair:4   | Gained mutation: You expend magic power (3 MP) to
                  | strengthen your wands. [potion of mutation]
 18094 | Lair:4   | Gained mutation: You have a pair of small horns on your
                  | head. [potion of mutation]
 19270 | Lair:5   | Reached ***** piety under Dithmenos
 19760 | Lair:6   | Entered Level 6 of the Lair of Beasts
 19959 | Lair:6   | Reached skill level 5 in Summonings
 20140 | Lair:6   | Reached XP level 14. HP: 86/103 MP: 5/27
 21628 | Lair:6   | Got a bone quarterstaff
 22144 | Lair:6   | Found a staircase to the Slime Pits.
 22518 | D:11     | Learned a level 5 spell: Summon Demon
 23382 | D:12     | Identified Novyimn's Almanac of Arcane Weapons and
                  | Talismans
 23385 | D:12     | Identified the +2 quarterstaff of Iconoclasm {crush, rPois}
                  | (You found it on level 6 of the Lair of Beasts)
 23681 | D:13     | Learned a level 5 spell: Aura of Abjuration
 23858 | D:13     | Found a gate to the Vaults.
 24241 | D:14     | Reached XP level 15. HP: 109/109 MP: 28/28
 24245 | D:14     | Reached ****** piety under Dithmenos
 25669 | D:15     | Entered Level 15 of the Dungeon
 26370 | D:15     | Found a staircase to the Depths.
 26370 | D:15     | Noticed a frost giant
 26373 | D:15     | Killed a frost giant
 26449 | D:15     | Noticed Rupert
 26649 | D:15     | Learned a level 6 spell: Shadow Creatures
 26894 | Orc:1    | Entered Level 1 of the Orcish Mines
 26983 | Orc:1    | Paralysed by an orc sorcerer for 5 turns
 27012 | Orc:1    | Reached skill level 10 in Spellcasting
 27174 | Orc:1    | Found Quzew's Jewellery Emporium.
 27321 | Orc:2    | Entered Level 2 of the Orcish Mines
 27391 | Orc:2    | Noticed Snorg
 27405 | Orc:2    | Found a roughly hewn altar of Beogh.
 27412 | Orc:2    | Killed Snorg
 27851 | Orc:2    | Found a runed translucent door.
 28005 | Orc:2    | Noticed coffeespoons's ghost (journeyman MiBe)
 28052 | Orc:2    | Found Huefi's Gadget Shop.
 28096 | Orc:2    | Found a radiant altar of Vehumet.
 28131 | Orc:2    | Found Mumpovor's Antique Armour Boutique.
 28137 | Orc:2    | Found a roughly hewn altar of Beogh.
 28152 | Orc:2    | Paralysed by an orc sorcerer for 5 turns
 28427 | Orc:2    | Found Esuvvef's Magic Scroll Shop.
 28446 | Orc:2    | Found an ancient bone altar of Kikubaaqudgha.
 28467 | Orc:2    | Found Ycots's Book Boutique.
 28624 | Orc:2    | Reached skill level 10 in Summonings
 28718 | Orc:2    | Found a staircase to the Elven Halls.
 28828 | Orc:2    | Bought a pair of encrusted gloves for 323 gold pieces
 28838 | Orc:2    | Identified the cursed +0 pair of gloves of Ahoide {Dex+4}
                  | (You bought it in a shop on level 2 of the Orcish Mines)
 28841 | Orc:2    | Bought a shield for 153 gold pieces
 28934 | Orc:1    | Bought a +5 amulet of reflection for 576 gold pieces
 29069 | Shoals:1 | Entered Level 1 of the Shoals
 29116 | Shoals:1 | Reached skill level 1 in Shields
 29127 | Shoals:1 | Noticed Roxanne
 29977 | Shoals:1 | Reached skill level 5 in Shields
 30217 | Shoals:1 | Noticed a kraken
 30256 | Shoals:1 | Killed a kraken
 30256 | Shoals:1 | Reached XP level 16. HP: 89/116 MP: 6/30
 30734 | Shoals:2 | Noticed Louise
 30737 | Shoals:2 | Killed Louise
 30804 | Shoals:2 | Found Ubrolaa's Gadget Shop.
 31935 | Shoals:3 | Found Josy's Gadget Emporium.
 32087 | Shoals:4 | Entered Level 4 of the Shoals
 32742 | Shoals:4 | Reached skill level 10 in Shields
 33071 | Shoals:4 | Noticed a kraken
 33413 | Shoals:4 | Got a barnacled rune of Zot
 33523 | Shoals:4 | Noticed a kraken
 33578 | Shoals:4 | Killed a kraken
 33605 | Shoals:4 | Killed a kraken
 34008 | Shoals:4 | Identified the Almanac of Mutagenic Calling
 34093 | Shoals:4 | Learned a level 1 spell: Summon Butterflies
 34298 | Shoals:4 | Identified the ring "Arieloer" {*Tele rC- rN+ Str+3}
 35036 | Lair:4   | Learned a level 6 spell: Invisibility
 35113 | Spider:1 | Entered Level 1 of the Spider Nest
 36570 | Spider:2 | Reached skill level 10 in Hexes
 36849 | Spider:3 | Noticed Donald
 37273 | Spider:3 | Reached XP level 17. HP: 123/123 MP: 27/31
 37931 | Spider:3 | Killed Donald
 38044 | Spider:3 | Gained mutation: Your magical capacity is low. (-10% MP)
                  | [mutagenic glow]
 38246 | Spider:4 | Entered Level 4 of the Spider Nest
 39065 | Spider:4 | Reached skill level 5 in Fighting
 39194 | Spider:4 | Reached skill level 18 in Stealth
 39284 | Spider:4 | Reached skill level 15 in Dodging
 39320 | Spider:4 | Got a gossamer rune of Zot
 39641 | Vaults:1 | Entered Level 1 of the Vaults
 40050 | Vaults:1 | Reached skill level 15 in Short Blades
 40188 | Vaults:1 | Found Ishronkek's Distillery.
 40213 | Vaults:1 | Reached XP level 18. HP: 115/137 MP: 22/28
 40364 | Vaults:1 | Gained mutation: You are clumsy. (Dex -2) [mutagenic glow]
 40527 | Vaults:1 | Reached skill level 19 in Stealth
 40741 | Vaults:1 | Noticed a lich
 40751 | Vaults:1 | Killed a lich
 40801 | Vaults:1 | Identified the +8 hunting sling "Sarcophage" {venom, Dex+4}
 41696 | Vaults:2 | Noticed Margery
 41714 | Vaults:2 | Killed Margery
 41989 | Vaults:2 | Noticed Frederick
 41991 | Vaults:2 | Killed Frederick
 42033 | Vaults:2 | Found a portal to a secret trove of treasure.
 42282 | Vaults:2 | Reached skill level 5 in Invocations
 42787 | Vaults:3 | Noticed Saint Roka
 42828 | Vaults:3 | Noticed Mennas
 42991 | Vaults:3 | Reached skill level 20 in Stealth
 43234 | Vaults:3 | Reached XP level 19. HP: 139/145 MP: 23/29
 43773 | Vaults:3 | Found Faumanem's Antique Weapon Shoppe.
 44352 | Vaults:4 | Noticed Jory
 44361 | Vaults:4 | Killed Jory
 44778 | Vaults:4 | Found Qoxkeomp's Antique Weapon Emporium.
 44999 | Vaults:4 | Reached skill level 21 in Stealth
 45619 | D:15     | Killed Rupert
 45669 | Depths:1 | Entered Level 1 of the Depths
 45858 | Depths:1 | Noticed the Enchantress
 45860 | Depths:1 | Killed the Enchantress
 45864 | Depths:1 | Reached XP level 20. HP: 142/152 MP: 25/30
 45924 | Depths:1 | Reached skill level 10 in Invocations
 46593 | Depths:1 | Found a gateway to Hell.
 46938 | Depths:2 | Found a one-way gate leading to the halls of Pandemonium.
 47213 | Depths:2 | Found a one-way gate to the infinite horrors of the Abyss.
 47622 | Depths:2 | Reached skill level 22 in Stealth
 49544 | Elf:1    | Entered Level 1 of the Elven Halls
 49681 | Elf:1    | Reached XP level 21. HP: 129/129 MP: 31/31
 49698 | Elf:1    | Identified Lehudib's Handbook of Conjuration
 49804 | Elf:1    | Found Dyfatocs's Food Emporium.
 49858 | Elf:1    | Noticed Azrael
 49866 | Elf:1    | Killed Azrael
 50008 | Elf:1    | Gained mutation: You are very clumsy. (Dex -4) [mutagenic
                  | glow]
 50166 | Elf:1    | Identified the Tome of Dislocation and Dark Rituals
 50170 | Elf:1    | Identified the +3 scimitar "Jatzafaw" {venom, MR++} (You
                  | found it on level 1 of the Elven Halls)
 50432 | Elf:2    | Reached skill level 23 in Stealth
 50568 | Elf:2    | Learned a level 3 spell: Regeneration
 50757 | Elf:2    | Reached skill level 1 in Charms
 50777 | Elf:2    | Reached skill level 1 in Necromancy
 51541 | Elf:2    | Found a runed translucent gate.
 51542 | Elf:2    | Found a runed translucent gate.
 51543 | Elf:2    | Found a runed translucent gate.
 52627 | Elf:3    | Entered Level 3 of the Elven Halls
 52761 | Elf:3    | Lost mutation: You are robust. (+10% HP) [a neqoxec]
 53977 | Elf:3    | Reached skill level 5 in Charms
 54075 | Elf:3    | Reached skill level 5 in Necromancy
 55244 | Elf:3    | Identified the ring "Ninaalef" {Fire Int+2 Dex+3}
 55679 | Elf:3    | Identified the Grimoire of Lucky Earth
 55693 | Elf:3    | Identified the Papyrus of Poisoning and Shape Shifting
 55744 | Elf:3    | Identified the cursed +0 helmet "Hijeonlo" {rC+ Int+2} (You
                  | found it on level 3 of the Elven Halls)
 55819 | Elf:3    | Identified the +8 great sword of Cheese {vamp, -Tele rElec
                  | Int+5 SInv}
 55890 | Elf:3    | Learned a level 6 spell: Deflect Missiles
 56226 | Elf:3    | Reached skill level 1 in Translocations
 56789 | Depths:3 | Noticed a golden dragon
 56792 | Depths:3 | Identified the cursed +0 steam dragon scales "Zuinoeho"
                  | {Str+3 Dex+4}
 56813 | Depths:2 | Reached XP level 22. HP: 104/120 MP: 32/32
 57542 | Vaults:1 | Learned a level 7 spell: Summon Greater Demon
 57651 | Depths:1 | Lost mutation: Your magical capacity is low. (-10% MP)
                  | [potion of mutation]
 57651 | Depths:1 | Lost mutation: You possess an exceptional clarity of mind.
                  | [potion of mutation]
 57651 | Depths:1 | Gained mutation: Armour fits poorly on your strangely
                  | shaped body. [potion of mutation]
 57651 | Depths:1 | Gained mutation: You are partially covered in large bone
                  | plates. (SH +4) [potion of mutation]
 57722 | D:12     | Lost mutation: You are partially covered in large bone
                  | plates. (SH +4) [potion of mutation]
 57722 | D:12     | Lost mutation: You expend magic power (3 MP) to strengthen
                  | your wands. [potion of mutation]
 57722 | D:12     | Gained mutation: You are weak. (Str -2) [potion of
                  | mutation]
 57722 | D:12     | Lost mutation: You are weak. (Str -2) [potion of mutation]
 57723 | D:12     | Lost mutation: You have a pair of small horns on your head.
                  | [potion of mutation]
 57723 | D:12     | Lost mutation: You are very clumsy. (Dex -4) [potion of
                  | mutation]
 57723 | D:12     | Lost mutation: You are clumsy. (Dex -2) [potion of
                  | mutation]
 57723 | D:12     | Lost mutation: Armour fits poorly on your strangely shaped
                  | body. [potion of mutation]
 57723 | D:12     | Gained mutation: Your spells are a little harder to cast,
                  | but a little more powerful. [potion of mutation]
 57723 | D:12     | Gained mutation: You occasionally shout uncontrollably at
                  | your foes. [potion of mutation]
 57723 | D:12     | Gained mutation: Your flesh is cold resistant. (rC+)
                  | [potion of mutation]
 57723 | D:12     | Gained mutation: You are partially covered in molten
                  | scales. (AC +2) [potion of mutation]
 57724 | D:12     | Lost mutation: You occasionally shout uncontrollably at
                  | your foes. [potion of mutation]
 57724 | D:12     | Lost mutation: You are partially covered in molten scales.
                  | (AC +2) [potion of mutation]
 57724 | D:12     | Gained mutation: Your body sometimes deteriorates upon
                  | taking damage. [potion of mutation]
 57724 | D:12     | Gained mutation: Your mind is acute. (Int +2) [potion of
                  | mutation]
 57725 | D:12     | Lost mutation: Your body sometimes deteriorates upon taking
                  | damage. [potion of mutation]
 57725 | D:12     | Lost mutation: Your flesh is cold resistant. (rC+) [potion
                  | of mutation]
 57725 | D:12     | Gained mutation: You have large cloven feet. [potion of
                  | mutation]
 57725 | D:12     | Lost mutation: Your mind is acute. (Int +2) [potion of
                  | mutation]
 57725 | D:12     | Gained mutation: You are robust. (+10% HP) [potion of
                  | mutation]
 57725 | D:12     | Gained mutation: You expend magic power (3 MP) to
                  | strengthen your wands. [potion of mutation]
 58049 | Slime:1  | Entered Level 1 of the Pits of Slime
 59236 | Slime:4  | Paralysed by a great orb of eyes for 4 turns
 59265 | Slime:4  | Reached skill level 5 in Translocations
 59291 | Slime:5  | Entered Level 5 of the Pits of Slime
 59568 | Slime:5  | Paralysed by a floating eye for 3 turns
 59661 | Slime:5  | Noticed the Royal Jelly
 60401 | Slime:2  | Cast into level 4 of the Abyss (a distortion unwield)
 60438 | Abyss:4  | Found a corrupted altar of Lugonu.
 60445 | Slime:2  | Escaped the Abyss
 61359 | Slime:5  | Killed the Royal Jelly
 61935 | Slime:5  | Got a shimmering bone ring
 61966 | Slime:5  | Got a slimy rune of Zot
 61980 | Slime:5  | Identified the ring "Jaeb" {MR+ Int+4 Dex+2} (You found it
                  | on level 5 of the Pits of Slime)
 62039 | Slime:5  | Identified the +4 buckler "Vummuemn" {+Inv} (You found it
                  | on level 5 of the Pits of Slime)
 62092 | Slime:5  | Identified the +8 short sword "Gyvocsu" {pierce, rC+ Int+2}
                  | (You found it on level 5 of the Pits of Slime)
 62473 | Depths:2 | Voluntarily entered the Abyss.
 62664 | Abyss:3  | Found a corrupted altar of Lugonu.
 63461 | Abyss:4  | Found a corrupted altar of Lugonu.
 63495 | Abyss:4  | Got an abyssal rune of Zot
 63517 | Depths:2 | Escaped the Abyss
 64103 | Depths:2 | Upgraded the game from 0.24.0-37-gcf1ca852f1 to
                  | 0.24.0-41-g2ae2f7f1be
 64105 | Depths:2 | Learned a level 1 spell: Apportation
 64108 | Depths:2 | Learned a level 2 spell: Blink
 64112 | Depths:2 | Learned a level 3 spell: Dazzling Spray
 64337 | Depths:3 | Noticed a caustic shrike
 64337 | Depths:3 | Noticed a caustic shrike
 64563 | Depths:3 | Noticed a golden dragon
 64653 | Depths:3 | Identified Sif Muna's Incunabulum of Hexes and Boosts
 64674 | Depths:3 | Noticed a caustic shrike
 64677 | Depths:3 | Noticed a caustic shrike
 64691 | Depths:3 | Noticed a caustic shrike
 64699 | Depths:3 | Killed a caustic shrike
 64705 | Depths:3 | Killed a caustic shrike
 64709 | Depths:3 | Killed a caustic shrike
 64709 | Depths:3 | Reached XP level 23. HP: 150/170 MP: 8/37
 64801 | Depths:3 | Noticed a caustic shrike
 64815 | Depths:3 | Killed a caustic shrike
 64957 | Depths:3 | Noticed a caustic shrike
 64963 | Depths:3 | Noticed a caustic shrike
 64966 | Depths:3 | Killed a caustic shrike
 64984 | Depths:3 | Banished a caustic shrike
 65228 | Depths:3 | Killed a caustic shrike
 65330 | Depths:3 | Killed a caustic shrike
 65898 | Depths:4 | Identified the +2 leather armour of Muni {rN+ Regen+ Str+3
                  | Dex+4} (You found it on level 4 of the Depths)
 65965 | Depths:4 | Gained mutation: You are clumsy. (Dex -2) [mutagenic glow]
 65972 | Depths:4 | Identified the +4 chain mail "Muys" {*Drain rPois Str+5
                  | Dex+2} (You found it on level 4 of the Depths)
 66021 | Depths:4 | Gained mutation: You are partially covered in slimy green
                  | scales. (AC +2) [mutagenic glow]
 66207 | Depths:4 | Found a gateway to a ziggurat.
 67158 | Depths:5 | Entered Level 5 of the Depths
 67504 | Depths:5 | Reached skill level 10 in Necromancy
 67934 | Depths:5 | Found a gate to the Realm of Zot.
 68498 | Depths:5 | Reached XP level 24. HP: 178/178 MP: 35/37
 68534 | Hell     | Entered the Vestibule of Hell
 68534 | Hell     | Noticed Geryon
 68536 | Hell     | Killed Geryon
 68987 | D:7      | Fell from the grace of Dithmenos
 68987 | D:7      | Became a worshipper of Uskayaw the Reveler
 69188 | Zot:1    | Entered Level 1 of the Realm of Zot
 69285 | Zot:1    | Reached * piety under Uskayaw
 69368 | Zot:1    | Reached ** piety under Uskayaw
 69381 | Zot:1    | Noticed a Killer Klown
 69389 | Zot:1    | Reached *** piety under Uskayaw
 69390 | Zot:1    | Killed a Killer Klown
 69390 | Zot:1    | Reached **** piety under Uskayaw
 69405 | Zot:1    | Reached ***** piety under Uskayaw
 70617 | Zot:1    | Noticed a Killer Klown
 70618 | Zot:1    | Killed a Killer Klown
 70621 | Zot:1    | Reached skill level 24 in Stealth
 70821 | Zot:1    | Gained mutation: Your body sometimes deteriorates upon
                  | taking damage. [a neqoxec]
 71015 | Zot:1    | Learned a level 4 spell: Passage of Golubria
 71780 | Hell     | Reached ****** piety under Uskayaw
 71866 | Hell     | Found a gateway to the decaying netherworld of Tartarus.
 72017 | Hell     | Found a gateway to the ashen valley of Gehenna.
 72136 | Hell     | Found a gateway to the Iron City of Dis.
 72185 | Hell     | Found a gateway to the freezing wastes of Cocytus.
 72965 | Orc:2    | Bought a scroll of teleportation for 30 gold pieces
 72965 | Orc:2    | Bought a scroll of blinking for 75 gold pieces
 73288 | Elf:2    | Cast into level 3 of the Abyss (+0 halberd of distortion)
 73309 | Elf:2    | Escaped the Abyss
 73592 | Geh:1    | Entered Level 1 of Gehenna
 74804 | Geh:3    | Reached XP level 25. HP: 155/155 MP: 32/37
 74909 | Geh:4    | Paralysed by a lich for 5 turns
 74957 | Geh:4    | Gained mutation: You tend to lose your temper in combat.
                  | [mutagenic glow]
 75204 | Geh:5    | Gained mutation: You are resistant to hostile enchantments.
                  | (MR+) [mutagenic glow]
 75225 | Geh:5    | Gained mutation: Your magical capacity is low. (-10% MP)
                  | [mutagenic glow]
 75673 | Geh:7    | Entered Level 7 of Gehenna
 78145 | Geh:5    | Reached skill level 10 in Translocations
 78304 | Geh:5    | Gained mutation: Your body often deteriorates upon taking
                  | damage. [mutagenic glow]
 78518 | Geh:7    | Cast into level 4 of the Abyss (a lich)
 78540 | Abyss:4  | Found a sparkling altar of Nemelex Xobeh.
 78611 | Geh:7    | Escaped the Abyss
 78892 | Geh:7    | Was forgiven by Dithmenos
 79231 | Geh:7    | Reached skill level 10 in Fighting
 79278 | Geh:7    | Killed from afar by a fire giant

Levels and vault maps discovered:
D:1:      dpeg_arrival_line_fractal, layout_basic
D:2:      layout_basic, chequers_ecumenical_altar_simple_redux,
          minmay_worlds_worst_comb
D:3:      layout_basic, nicolae_overflow_crystal_walls, first_ration,
          corexii_item_surrounded_by_moat
D:4:      layout_basic, lemuel_crystal_altar, hangedman_abyss_or_decor_stagger,
          minmay_misc_feat_four_crosses, chequers_serial_rivers_room_a,
          uniq_edmund
D:5:      layout_rooms, nicolae_overflow_hidden_temple, cheibriados_altar_1,
          lemuel_coloured_pillars_altar, basic_altar, portal_sewer_entry_e,
          uniq_ijyb
D:6:      layout_rooms, serial_shops, nicolae_shop_stone, bh_walls_and_bars,
          uniq_menkaure
D:7:      layout_rooms, eat_drink_and_be_merry_uskayaw, old_standard_altar,
          minmay_temple_entry_statues_fountains, nrook_pool_corridor
D:8:      layout_loops_ring, cheibrodos_ashenzari_chains, lair_entry_dummy,
          grunt_livestock, kennysheep_path_1, uniq_grum
D:9:      layout_loops_ring, overflow_temple_1_default, zin_purify, erik_orc_2,
          serial_shops, kennysheep_mini, minmay_misc_feat_alley,
          minmay_lindwurm_lava
D:10:     layout_roguey, gammafunk_ghost_icy, doesnt_xom_only_xom, uniq_psyche,
          uniq_sonja
D:11:     layout_basic, basic_altar, uniq_erica
D:12:     cheibrodos_lost_city_excavation, layout_long_grid,
          gauntlet_entry_generic, guppyfry_shop_blood
D:13:     layout_roguey, david_vaults_4
D:14:     minmay_connected_boxes_in_corner, layout_basic
D:15:     grunt_enter_depths_snipers, layout_loops_ring, minmay_misc_feat_iff,
          uniq_rupert
Temple:   minmay_temple_forest_path
Lair:1:   layout_hall_layers, special_room [special_room_bee],
          grunt_megastairs_3
Lair:2:   layout_gridlike, elwin_shoals_entry_stream,
          nicolae_spider_entry_non_spiders, portal_ice_cave_demonic_guard,
          cheibrodos_lair_reptile_den
Lair:3:   beast_lair_carwin_large_1, layout_cave_pods,
          infiniplex_staircase_pool_2, grunt_megastairs_5
Lair:4:   layout_small_grid, minivault_24, grunt_megastairs_2
Lair:5:   layout_loops_ring
Lair:6:   grunt_lair_end_beastmaster, layout_big_grid, slime_dummy,
          serial_bayou, serial_bayou_lake_a, serial_bayou_pond_a,
          serial_bayou_pond_d, serial_bayou_pond_e, serial_bayou_lagoon_a,
          st_stairs_10, serial_bayou_shore_b
Shoals:1: layout_shoals, uniq_roxanne
Shoals:2: layout_shoals, serial_shops, nicolae_shop_behind_doors, uniq_louise
Shoals:3: layout_shoals, serial_shops, shop
Shoals:4: shoals_end_hangedman, layout_shoals
Spider:1: layout_spider_delve, hangedman_spider_tarantella_strand
Spider:2: layout_chambers, nicolae_spider_circle_web
Spider:3: layout_spider_delve, minivault_29, uniq_donald
Spider:4: floodkiller_spider_rune_tomb, nicolae_spider_webbed_stairs
Slime:1:  layout_caves
Slime:2:  layout_caves
Slime:3:  layout_caves
Slime:4:  layout_caves, nicolae_slime_welcoming_committee
Slime:5
Orc:1:    layout_diamond_mine, minmay_shop_enchanted_jewellery, elf_legates
Orc:2:    kennysheep_orc_mage_school, layout_caves,
          ebering_ghost_reflecting_pool, mines1_david, uniq_snorg
Elf:1:    elf_arrival_001, layout_geoelf_octagon, serial_shops, shop,
          minmay_elf_annihilation, st_stairs_14, grunt_ministairs_4,
          minivault_15, uniq_azrael
Elf:2:    layout_onion_city
Elf:3:    nooodl_elf_gasket, layout_geoelf_castle
Vaults:1: nicolae_vaults_alarming, v_pattern_4, nicolae_vaults_big_ls,
          vaults_dpeg_doors, ontoclasm_vaults_bender, v_misc_31,
          st_spiral_rooms, nicolae_vaults_diagonal_hallway_8,
          vaults_room_stairs_pillars, layout_vaults_omnicross, serial_shops,
          shop
Vaults:2: v_misc_19, ontoclasm_vaults_claustrophobia, vaults_mumra_hex,
          vaults_room_pool, vaults_dpeg_ring, vaults_dpeg_encased_lava,
          grunt_vaults_hallway_long, layout_vaults_omnigrid,
          nicolae_trove_entry_crystal, uniq_frederick, uniq_margery
Vaults:3: advil_vaults_ghost_guards, minmay_crypt_entry_necro_gods,
          nicolae_vaults_twisting_passages, v_misc_8, vaults_mumra_hexcomb,
          v_misc_29, hangedman_vaults_stagger, ontoclasm_vaults_hangar,
          ontoclasm_vaults_eye, serial_ice_g, nicolae_vaults_rhombus_7,
          v_alt_pattern_6, layout_vaults_omnibox, serial_shops, shop,
          nicolae_shop_crystal, shop, shop, uniq_sojobo, uniq_mennas,
          uniq_saint_roka
Vaults:4: dpeg_vaults_monster_box, grunt_vaults_hallway_long, v_pattern_1,
          ontoclasm_vaults_chip, ontoclasm_vaults_spin, v_misc_12, v_misc_3,
          vaults_room_guarded_vault, vaults_dpeg_cross,
          nicolae_vaults_diagonal_hallway_8, layout_vaults_big_room,
          serial_shops, nicolae_shop_temple_entry_statues_fountains, uniq_jory
Depths:1: layout_cave_pools, serial_glass, glass_columns_c, glass_columns_a,
          pf_coc_iceberg, kennysheep_generic_room_16, uniq_enchantress
Depths:2: minmay_quantized_circle, layout_cave_pools, abyss_entry, hell_entry,
          grunt_pan_entry_sceptre
Depths:3: grunt_arcs, layout_cave_pools, serial_bayou_shore_b, abyss_entry,
          pan_entry, pf_hell_entry_great_geh
Depths:4: minmay_box_of_curves, layout_basic, enter_ziggurat_b,
          chequers_decorated_corner, hangedman_abyss_entry_splay, hell_entry,
          minmay_misc_feat_more_columns
Depths:5: grunt_zot_entry_alcove, layout_cave_shapes, hell_entry,
          grunt_pan_entry_in_and_out, serial_sigils_hangedman_confine,
          serial_bayou_shore_a
Hell
Geh:1:    layout_gehenna_pools_box
Geh:2:    layout_gehenna_pools_basic, minmay_fire_ice_demons
Geh:3:    layout_gehenna_lava_caves
Geh:4:    layout_gehenna_pools_basic
Geh:5:    layout_gehenna_pools_box
Geh:6:    layout_gehenna_lava_caves
Geh:7:    geh_mu
Zot:1:    cheibrodos_zot_enchanting_chambers, layout_onion_interference,
          hangedman_zot_decor_slant
Zot:2:    layout_cathedral_of_symmetry, drop_trap, grunt_ministairs_6

Skill      XL: |  1  2  3  4  5  6  7  8  9 10 11 12 13 14 15 16 17 18 19 20 21 22 23 24 25 |
---------------+----------------------------------------------------------------------------+-----
Hexes          | 5 6 11 13 | 13.3
Ice Magic      | 1 |  1.5
Fighting       | 2 3 4 6 7 8 10 | 10.0
Stealth        | 6 7 8 11 13 14 15 16 17 18 20 21 22 23 24 | 24.1
Short Blades   | 4 6 7 9 10 11 13 14 15 16 17 18 20 22 23 | 23.3
Spellcasting   | 3 5 6 7 8 9 10 | 10.1
Dodging        | 4 6 8 9 11 13 14 15 16 17 18 19 20 | 20.3
Evocations     | 1 7 10 11 | 11.6
Invocations    | 1 6 9 11 12 14 | 14.1
Summonings     | 5 8 10 12 13 14 | 14.5
Shields        | 6 11 13 14 | 14.8
Charms         | 6 |  6.9
Necromancy     | 6 7 10 11 | 11.5
Translocations | 2 5 9 10 | 10.5

Action                   |  1- 3 |  4- 6 |  7- 9 | 10-12 | 13-15 | 16-18 | 19-21 | 22-24 | 25-27 || total
-------------------------+-------+-------+-------+-------+-------+-------+-------+-------+-------++-------
Melee: Dagger            |   163 |    78 |   183 |   801 |   339 |       |       |       |       ||  1564
       Bite              |    13 |     8 |    17 |    82 |   107 |   156 |   124 |   346 |   142 ||   995
       Quarterstaff      |       |       |       |    10 |    66 |       |       |       |       ||    76
       Headbutt          |       |       |       |       |   196 |   240 |   258 |     3 |       ||   697
       Rapier            |       |       |       |       |   604 |  1318 |  1543 |  2449 |  1064 ||  6978
       Quick blade       |       |       |       |       |       |       |       |   245 |       ||   245
Throw: Boomerang         |     2 |       |     2 |    26 |     1 |       |       |       |       ||    31
       Dart              |       |       |       |    10 |    15 |    19 |       |       |       ||    44
       Throwing net      |       |       |       |     1 |     2 |       |       |     1 |       ||     4
 Cast: Corona            |     3 |       |     2 |     1 |       |       |       |       |       ||     6
       Ensorcelled Hiber |     8 |    11 |    50 |   120 |    91 |       |       |       |       ||   280
       Confuse           |       |     6 |     9 |   149 |   178 |    44 |    40 |    60 |    12 ||   498
       Tukima's Dance    |       |       |     3 |    11 |    16 |     2 |    14 |       |       ||    46
       Summon Demon      |       |       |       |       |    52 |    99 |    51 |   102 |    22 ||   326
       Shadow Creatures  |       |       |       |       |    17 |     1 |     7 |       |       ||    25
       Aura of Abjuratio |       |       |       |       |     4 |       |    13 |     6 |     3 ||    26
       Invisibility      |       |       |       |       |       |    19 |    27 |    17 |     8 ||    71
       Summon Butterflie |       |       |       |       |       |     4 |    16 |     7 |       ||    27
       Summon Mana Viper |       |       |       |       |       |       |    33 |    11 |     8 ||    52
       Regeneration      |       |       |       |       |       |       |    27 |    72 |    54 ||   153
       Dazzling Spray    |       |       |       |       |       |       |       |    13 |       ||    13
       Blink             |       |       |       |       |       |       |       |     9 |     2 ||    11
       Passage of Golubr |       |       |       |       |       |       |       |     1 |     5 ||     6
       Summon Greater De |       |       |       |       |       |       |       |     1 |     3 ||     4
Invok: Shadow Step       |       |       |       |     4 |     4 |     7 |     3 |     4 |       ||    22
       Shadow Form       |       |       |       |       |       |       |     5 |     2 |       ||     7
       Stomp             |       |       |       |       |       |       |       |     3 |     4 ||     7
       Grand Finale      |       |       |       |       |       |       |       |     2 |     1 ||     3
 Abil: Evoke Fog         |       |       |       |    17 |    17 |    15 |    22 |    61 |    44 ||   176
       Exsanguinate      |       |       |       |       |       |     3 |     1 |     2 |       ||     6
       Bat Form          |       |       |       |       |       |       |     1 |     1 |     1 ||     3
       End Transformatio |       |       |       |       |       |       |     1 |     1 |       ||     2
       Revivify          |       |       |       |       |       |       |       |     1 |       ||     1
Evoke: Wand              |       |       |       |    43 |    22 |    11 |    17 |     9 |     4 ||   106
       Lamp of fire      |       |       |       |       |     3 |     1 |     2 |     4 |       ||    10
       Phial of floods   |       |       |       |       |       |     2 |     1 |     2 |     1 ||     6
       Lightning rod     |       |       |       |       |       |       |       |     4 |       ||     4
  Use: Scroll            |       |       |    14 |    10 |    16 |    20 |    12 |    21 |       ||    93
       Potion            |       |       |       |     2 |     4 |     2 |     1 |    17 |       ||    26
 Stab: Sleeping          |     9 |    14 |    52 |   116 |   174 |   145 |   155 |    84 |    15 ||   764
       Confused          |       |     3 |     4 |    86 |    91 |    17 |    16 |    28 |     4 ||   249
       Distracted        |       |       |       |     5 |     8 |    28 |    30 |    54 |    11 ||   136
       Held in net/web   |       |       |       |     2 |     2 |     1 |       |       |       ||     5
       Petrifying        |       |       |       |       |     1 |       |       |       |       ||     1
       Invisible         |       |       |       |       |       |    96 |   104 |    91 |    54 ||   345
       Paralysed         |       |       |       |       |       |     1 |       |    36 |    62 ||    99
Armor: Robe              |    44 |    10 |    45 |    69 |       |       |       |       |       ||   168
       Steam dragon scal |       |       |       |       |   153 |    60 |    67 |       |       ||   280
       Acid dragon scale |       |       |       |       |       |       |       |   401 |   104 ||   505
Dodge: Dodged            |    79 |    53 |   119 |   551 |  1081 |   634 |   496 |  1341 |   392 ||  4746
Block: Other             |       |       |       |       |    22 |    49 |     2 |     1 |       ||    74
       Shield            |       |       |       |       |    15 |   661 |   899 |  2040 |   737 ||  4352
       Reflection        |       |       |       |       |    15 |    65 |    92 |    60 |     5 ||   237
